 Dungeon Crawl Stone Soup version 0.17-a0-1596-g1e86911 (webtiles) character file.

42356 karlkraus the Peltast (level 13, -2/107 HPs)
             Began as a Minotaur Fighter on July 30, 2015.
             Was the Champion of Qazlal.
             Slain by an eight-headed hydra (9 damage)
             ... on level 7 of the Lair of Beasts on July 31, 2015.
             The game lasted 00:51:53 (15779 turns).

karlkraus the Peltast (Minotaur Fighter)           Turns: 15779, Time: 00:51:54

Health: -2/107     AC: 27    Str: 24    XL:     13   Next: 85%
Magic:  12/12      EV: 11    Int:  5    God:    Qazlal [******]
Gold:   1086       SH: 23    Dex: 12    Spells: 0 memorised, 12 levels left

rFire  + + .     SeeInvis +     O - +7 flail (crush)
rCold  + . .     Clarity  +     B - +1 plate armour
rNeg   + . .     SustAt   .     F - +1 shield {rF+}
rPois  .         Gourm    .     a - +1 hat {SInv}
rElec  .         Spirit   .     x - +2 cloak
rCorr  .         Warding  +     V - +0 pair of gloves
rMut   .         Stasis   .     r - +0 pair of boots
MR     .....                    p - amulet of warding
Stlth  ..........               (no ring)
                                q - ring of protection from fire

@: protected from physical damage, repel missiles, not resistant to hostile
enchantments, extremely unstealthy
A: retaliatory headbutt, horns 2, camouflage 1, clarity, cold resistance 1,
frail 1
a: Upheaval, Elemental Force, Disaster Area, Renounce Religion


You were on level 7 of the Lair of Beasts.
You worshipped Qazlal.
Qazlal was exalted by your worship.
You were near starving.

You visited 2 branches of the dungeon, and saw 18 of its levels.
You also visited: Labyrinth.

You collected 1086 gold pieces.

Inventory:

Hand weapons
 O - a +7 flail of crushing (weapon)
Armour
 a - a +1 hat of see invisible (worn)
 b - a troll hide {Snorg}
 r - a +0 pair of boots (worn)
 x - a +2 cloak (worn)
 B - a +1 plate armour (worn)
 F - a +1 shield of fire resistance (worn)
 V - a +0 pair of gloves (worn)
Jewellery
 c - the ring of Xonuneim {Ice *Drain rElec rN+ Dex+4, unknown}
   (You found it on level 4 of the Lair of Beasts)

   [ring of ice]

   It enhances your ice magic, and weakens your fire magic.
   It affects your dexterity (+4).
   It makes you vulnerable to fire.
   It protects you from cold.
   It insulates you from electricity.
   It protects you from negative energy.
   It causes draining when unequipped.
 f - an uncursed amulet of guardian spirit
 p - an amulet of warding (around neck)
 q - a ring of protection from fire (left hand)
 y - an uncursed ring of protection from fire
 z - an uncursed ring of fire
 C - a cursed ring of teleportation {unknown}
 J - an uncursed ring of magical power
 L - an uncursed amulet of stasis
 R - a +4 ring of strength {unknown}
Magical devices
 D - a wand of invisibility (2)
 K - a wand of fireball (5)
Scrolls
 d - 2 scrolls of recharging
 h - 6 scrolls of teleportation
 i - 5 scrolls of remove curse
 k - 3 scrolls of enchant weapon
 s - 6 scrolls of blinking
 v - 2 scrolls of torment {unknown}
 E - a scroll of vulnerability {unknown}
Potions
 g - 3 potions of heal wounds {unknown}
 j - 2 potions of mutation {unknown}
 m - a potion of cure mutation {unknown}
 u - a potion of flight {unknown}
 w - a potion of poison {unknown}
 A - 6 potions of curing
 G - a potion of ambrosia
 H - 2 potions of agility
 I - a potion of invisibility
 M - a potion of lignification
 N - a potion of cancellation
 T - 2 potions of haste
Miscellaneous
 o - a lamp of fire
 Q - a stone of tremors (inert)
Comestibles
 e - 12 bread rations
 l - 12 slices of pizza
 n - 12 meat rations
 t - 2 beef jerkies
 S - a royal jelly
 U - 26 fruits


   Skills:
 + Level 12.9 Fighting
 + Level 14.1 Maces & Flails
 + Level 12.1 Armour
 + Level 8.8 Dodging
 + Level 1.5 Stealth
 + Level 15.2 Shields
 + Level 0.8 Evocations


You had 12 spell levels left.
You didn't know any spells.

Dungeon Overview and Level Annotations

Branches:
Dungeon (10/15)            Temple (0/1) D:5            Lair (8/8) D:9
  Swamp (0/4) Lair:6        Snake (0/4) Lair:5        Slime (0/6) Lair:6
    Orc: D:9-12

Altars:
Ashenzari
Fedhas
Okawaru
Qazlal
Ru
Vehumet
The Shining One
Jiyva


Innate Abilities, Weirdness & Mutations

You reflexively headbutt those who attack you in melee.
You have a pair of horns on your head.
Your skin changes colour to match your surroundings (Stealth).
You possess an exceptional clarity of mind.
Your flesh is cold resistant.
You are frail (-10% HP).


Message History

The eight-headed hydra bites you!
* * * LOW HITPOINT WARNING * * *
You feel more protected from physical attacks.
The eight-headed hydra bites you.
* * * LOW HITPOINT WARNING * * *
The eight-headed hydra bites you but does no damage. x3
You turn to flesh and can move again.
There is a stone staircase leading down here.
The dungeon trembles and rubble falls from the walls!
The rubble rises up and takes form.
You block the griffon's attack. You block the griffon's attack.
The griffon claws you!
* * * LOW HITPOINT WARNING * * *
The eight-headed hydra bites you but does no damage.
You block the eight-headed hydra's attack. x2
The eight-headed hydra bites you but does no damage. x2
The eight-headed hydra bites you!
* * * LOW HITPOINT WARNING * * *
You feel more protected from physical attacks.
The eight-headed hydra bites you!
You die...

....P##......##...##.............
.........P##...#..#....§.........
.......######........#...........
P....##.####.........##..........
#...§.####......#......##........
.#...##....#.##....#.#...#.......
...#####...#..§..§§..#...#.......
#......#......⌠H.§§......#.##..#P
.......+..#.....@..........PP....
......#...#...⌠..D⌠......#.......
....####..##..E.§§§..##..#.......
....## #.....#....#.....#........
.....# ###.....##......##........
....## ###..........#..........
.....# .##.................<.
#...## ###....##..............
#..#.# #....................


You could see an eight-headed hydra, a griffon and a friendly earth elemental.

Vanquished Creatures
  Snorg (Lair:3)
  A minotaur (Lab)
  Josephine (D:10)
  5 hydras
  The ghost of Gruud the Spear-Bearer, an experienced DsGl of Dithmenos (D:8)
  A fire crab (Lair:8)
  Pikel (D:7)
  A necromancer (Lair:4)
  An oklob plant (Lair:3)
  A griffon (Lair:7)
  5 elephants (Lair:5)
  14 spiny frogs
  A black mamba (Lair:7)
  A gargoyle (D:10)
  A torpor snail (Lair:5)
  A fire drake (Lair:6)
  7 komodo dragons
  14 blink frogs
  Grinder (D:4)
  2 two-headed ogres
  Prince Ribbit (D:5)
  A deep elf mage (D:9)
  2 spriggans (Lair:6)
  Sigmund (D:2)
  40 yaks
  A wyvern (Lair:5)
  2 hungry ghosts
  5 wraiths (D:10)
  Eustachio (D:6)
  A hog (D:7)
  5 hippogriffs
  5 basilisks
  A human (D:7)
  11 wolves
  18 porcupines
  8 water moccasins
  Duvessa (D:7)
  3 orc warriors
  3 black bears
  A wasp (D:10)
  7 centaurs
  8 ogres
  A sky beast (D:10)
  2 necrophages
  2 phantoms
  4 slaves (D:7)
  3 ice beasts
  15 crocodiles
  2 big kobolds
  23 giant frogs
  2 scorpions
  A water moccasin skeleton (D:7)
  Dowan (D:7)
  7 killer bees
  A crimson imp (D:6)
  3 wights (D:9)
  2 centaur zombies
  A quasit (D:9)
  A wasp zombie (D:7)
  4 orc priests
  A jelly (D:10)
  5 orc wizards
  Crazy Yiuf (D:2)
  2 centaur skeletons
  A giant frog zombie (D:6)
  A gnoll shaman (D:9)
  2 hounds
  Jessica (D:2)
  Terence (D:2)
  7 iguanas
  7 worker ants
  2 polar bear simulacra (Lair:4)
  A killer bee zombie (D:8)
  5 wolf simulacra (Lair:4)
  2 yak simulacra (Lair:4)
  23 sheep
  10 adders
  A worker ant zombie (D:7)
  7 gnolls
  18 river rats
  3 shadow imps
  An ooze (D:4)
  3 adder zombies
  2 adder skeletons
  2 worms (D:3)
  2 giant geckos
  29 orcs
  A ball python (D:3)
  12 bats
  3 giant cockroaches
  8 goblins
  9 hobgoblins
  11 jackals
  12 kobolds
  2 quokkas
  A giant gecko skeleton (D:9)
  5 giant newts
  A jackal zombie (D:8)
  5 rats
  2 river rat simulacra (Lair:4)
  3 butterflies
  41 fungi
  24 plants
542 creatures vanquished.

Vanquished Creatures (others)
  26 fungi
  3 plants
29 creatures vanquished.

Grand Total: 571 creatures vanquished

Notes
Turn   | Place    | Note
--------------------------------------------------------------
     0 | D:1      | karlkraus the Minotaur Fighter began the quest for the Orb.
     0 | D:1      | Reached XP level 1. HP: 19/19 MP: 0/0
   100 | D:1      | Reached XP level 2. HP: 22/27 MP: 1/1
   147 | D:1      | Reached skill level 4 in Fighting
   579 | D:2      | Noticed Sigmund
   585 | D:2      | Noticed Jessica
   589 | D:2      | Killed Sigmund
   589 | D:2      | Reached skill level 5 in Armour
   589 | D:2      | Reached skill level 1 in Dodging
   589 | D:2      | Reached XP level 3. HP: 18/35 MP: 2/2
   589 | D:2      | Reached XP level 4. HP: 21/41 MP: 3/3
   589 | D:2      | Reached XP level 5. HP: 24/47 MP: 4/4
   591 | D:2      | Killed Jessica
   591 | D:2      | Reached skill level 5 in Fighting
   828 | D:2      | Noticed Terence
   836 | D:2      | Killed Terence
  1011 | D:2      | Noticed Crazy Yiuf
  1032 | D:2      | Killed Crazy Yiuf
  1032 | D:2      | Reached XP level 6. HP: 43/56 MP: 1/5
  1402 | D:3      | Reached skill level 5 in Shields
  1501 | D:3      | Found a shattered altar of Ashenzari.
  1501 | D:3      | Found a radiant altar of Vehumet.
  1609 | D:3      | Found an iron altar of Okawaru.
  1688 | D:3      | Found a sacrificial altar of Ru.
  1732 | D:3      | Found a blossoming altar of Fedhas.
  1948 | D:3      | Reached XP level 7. HP: 62/62 MP: 6/6
  2273 | D:4      | Found a stormy altar of Qazlal.
  2296 | D:4      | Became a worshipper of Qazlal Stormbringer
  2523 | D:4      | Reached skill level 6 in Fighting
  2605 | D:4      | Noticed Grinder
  2611 | D:4      | You fall through a shaft for 3 floors!
  2783 | D:7      | Reached skill level 5 in Maces & Flails
  2834 | D:6      | Reached XP level 8. HP: 61/71 MP: 7/7
  2926 | D:5      | Entered Level 5 of the Dungeon
  2972 | D:5      | Noticed Prince Ribbit
  2981 | D:5      | Killed Prince Ribbit
  2981 | D:5      | Reached skill level 7 in Fighting
  3078 | D:4      | Paralysed by Grinder for 4 turns
  3089 | D:4      | Killed Grinder
  3468 | D:5      | Reached skill level 5 in Dodging
  3746 | D:5      | Reached skill level 1 in Stealth
  3883 | D:5      | Found a staircase to the Ecumenical Temple.
  3995 | D:5      | Reached XP level 9. HP: 60/79 MP: 6/8
  4053 | D:5      | Found a glowing golden altar of the Shining One.
  4357 | D:6      | Noticed Eustachio
  4366 | D:6      | Killed Eustachio
  4397 | D:6      | Acquired Qazlal's first power
  5008 | D:7      | Noticed Pikel
  5030 | D:7      | Killed Pikel
  5030 | D:7      | Reached skill level 8 in Fighting
  5073 | D:7      | Noticed a hog
  5073 | D:7      | Noticed a human
  5083 | D:7      | Killed a hog
  5085 | D:7      | Killed a human
  5249 | D:7      | Noticed Dowan
  5249 | D:7      | Noticed Duvessa
  5258 | D:7      | Killed Dowan
  5270 | D:7      | Killed Duvessa
  5292 | D:7      | Reached skill level 9 in Shields
  5736 | D:7      | Reached XP level 10. HP: 61/89 MP: 7/9
  5842 | D:8      | Noticed Gruud's ghost (experienced DsGl)
  5857 | D:8      | Acquired Qazlal's second power
  5898 | D:8      | Killed Gruud's ghost
  5960 | D:8      | Found a sacrificial altar of Ru.
  6583 | D:9      | Reached skill level 10 in Shields
  6605 | D:9      | Found a staircase to the Lair.
  6793 | D:9      | Acquired Qazlal's third power
  7379 | D:9      | Reached skill level 11 in Shields
  7381 | D:9      | Reached XP level 11. HP: 41/99 MP: 5/10
  7526 | D:9      | Identified a scroll of acquirement
  7730 | D:10     | Entered Level 10 of the Dungeon
  7823 | D:10     | Reached skill level 10 in Fighting
  7868 | D:10     | Acquired Qazlal's fourth power
  7894 | D:10     | Noticed Josephine
  7906 | D:10     | Killed Josephine
  8191 | D:10     | Reached skill level 10 in Maces & Flails
  8233 | D:10     | Gained mutation: You possess an exceptional clarity of mind. [mutagenic meat]
  8234 | D:10     | Gained mutation: Your skin changes colour to match your surroundings (Stealth). [mutagenic meat]
  8235 | D:10     | Gained mutation: Your flesh is cold resistant. [mutagenic meat]
  8236 | D:10     | Gained mutation: You are frail (-10% HP). [mutagenic meat]
  8447 | Lair:1   | Entered Level 1 of the Lair of Beasts
  8490 | Lair:1   | Reached skill level 12 in Shields
  9163 | Lair:2   | Noticed a five-headed hydra
  9169 | Lair:2   | Killed a five-headed hydra
  9220 | Lair:2   | Reached skill level 10 in Armour
  9220 | Lair:2   | Reached XP level 12. HP: 62/97 MP: 11/11
 10119 | Lair:3   | Acquired Qazlal's fifth power
 10262 | Lair:3   | Noticed Snorg
 10264 | Lair:3   | Reached skill level 13 in Shields
 10280 | Lair:3   | Killed Snorg
 10958 | Lair:3   | Noticed a six-headed hydra
 10966 | Lair:3   | Killed a six-headed hydra
 11583 | Lair:4   | Noticed an eight-headed hydra
 11592 | Lair:4   | Killed an eight-headed hydra
 11637 | Lair:4   | Noticed a seven-headed hydra
 11641 | Lair:4   | Killed a seven-headed hydra
 11873 | Lair:4   | Got a sparkling tin ring
 12430 | Lair:5   | Reached XP level 13. HP: 89/105 MP: 12/12
 12487 | Lair:5   | Reached skill level 14 in Shields
 12767 | Lair:5   | Found a staircase to the Snake Pit.
 13148 | Lair:6   | Found a viscous altar of Jiyva.
 13149 | Lair:6   | Found a staircase to the Slime Pits.
 13195 | Lair:6   | Found a labyrinth entrance.
 13269 | Lab      | Entered a labyrinth
 13902 | Lab      | Got a smoking morningstar {drain}
 13932 | Lab      | Identified Sif Muna's Volume of Conjuration
 13948 | Lair:6   | Identified the cursed +1 morningstar of Makhleb's Esteem {drain, rF+ rN+ MP-9} (You took it off a minotaur in a labyrinth)
 14276 | Lair:6   | Found a staircase to the Swamp.
 14705 | Lair:7   | Reached skill level 15 in Shields
 15752 | Lair:8   | Entered Level 8 of the Lair of Beasts
 15779 | Lair:7   | Slain by an eight-headed hydra

Vault maps used:
D:1:      roderic_chinese_lattice_arrival
D:2:      serial_forest, infiniplex_forest_clump_curved,
          infiniplex_forest_3_way, infiniplex_forest_clump_double,
          infiniplex_forest_clump_double, infiniplex_forest_lined_room_2,
          infiniplex_forest_straight_4, uniq_sigmund, uniq_terence,
          uniq_crazy_yiuf_cottage, uniq_jessica
D:3:      nicolae_ru_the_path_less_chosen, okawaru_gym_becter,
          lemuel_round_altar, gammafunk_temple_overflow_statue, first_bread
D:4:      overflow_temple_1_default, uniq_grinder
D:5:      tso_oasis_becter, minmay_temple_entry_butterflies, uniq_prince_ribbit1
D:6:      uniq_eustachio
D:7:      grunt_livestock, uniq_pikel, uniq_duvessa
D:8:      basic_altar, kennysheep_cross_room
D:9:      due_lair_maze_entry_diamond, hangedman_abyss_or_decor_lesser_grid
D:10:     st_stairs_7, uniq_josephine
Lair:3:   bh_autumn_forest_stairs, lemuel_fruit_fields, lemuel_fruit_fields,
          uniq_snorg
Lair:4:   eino_house_with_fridge
Lair:5:   dummy_snake_entry
Lair:6:   wad_woods_tower, swamp_mist_pool, slime_altar_1, lab_entry_generic,
          grunt_forest_large_clearings, lemuel_fruit_fields, lemuel_fruit_tree
Lair:7:   grunt_megastairs_2
Lair:8:   grunt_lair_end_beastmaster, st_stairs_4, minivault_11
Lab:      labyrinth_mini_lab, nicolae_lab_quarters

Action                   |  1- 3 |  4- 6 |  7- 9 | 10-12 | 13-15 || total
-------------------------+-------+-------+-------+-------+-------++-------
Melee: Flail             |    54 |   143 |   336 |   811 |   315 ||  1659
Evoke: Wand              |       |       |       |     2 |       ||     2
       Stone of tremors  |       |       |       |       |     1 ||     1
  Use: Potion            |     1 |       |       |       |     1 ||     2
       Scroll            |       |       |     3 |    23 |     5 ||    31
  Eat: Chunk             |       |     4 |    11 |    26 |     8 ||    49
       Fruit             |       |       |       |     2 |       ||     2
       Beef jerky        |       |       |       |       |     1 ||     1
